 Dungeon Crawl Stone Soup version 0.31.0-2-g5a2aebc5c2 (webtiles) character file.

Game seed: 9047708196555815288

19796 sasquatch the Toxicologist (level 12, -2/97 HPs)
             Began as a Merfolk Alchemist on Jan 20, 2024.
             Was an Elder of Vehumet.
             Succumbed to a black mamba's poison
             ... on level 3 of the Lair of Beasts.
             The game lasted 00:34:06 (15518 turns).

sasquatch the Toxicologist (Merfolk Alchemist)     Turns: 15518, Time: 00:34:07

Health: -2/97      AC:  4    Str:  8    XL:     12   Next: 72%
Magic:  18/26      EV: 17    Int: 25    God:    Vehumet [****..]
Gold:   542        SH:  0    Dex: 15    Spells: 14/31 levels left

rFire   . . .        D - +3 dagger (venom)
rCold   + . .        (no shield)
rNeg    . . .        a - +0 robe
rPois   .            (no helmet)
rElec   .            F - +0 cloak
rCorr   .            (no gloves)
SInv    .            k - +0 pair of boots
Will    .....        (no amulet)
Stlth   ++           x - +6 ring of intelligence
HPRegen 0.36/turn    j - ring of protection from cold
MPRegen 0.20/turn

%: no passive effects
@: lethally poisoned (-2 -> -44), slowed, very slow
A: (nimble swimmer 2), mertail
a: Renounce Religion


You were on level 3 of the Lair of Beasts.
You worshipped Vehumet.
Vehumet was greatly pleased with you.
You visited 3 branches of the dungeon, and saw 13 of its levels.

You collected 542 gold pieces.

Inventory:

Hand Weapons
 d - a +0 short sword of venom
 n - a +2 whip of freezing
 v - a +2 whip of venom
 D - a +3 dagger of venom (weapon)
 K - the +4 mace "Qomp" {flame, Dex+3}
   (You found it on level 8 of the Dungeon)

   Dex+3:     It affects your dexterity (+3).
Missiles
 H - a throwing net
Armour
 a - a +0 robe (worn)
 k - a +0 pair of boots (worn)
 F - a +0 cloak (worn)
Magical Staves
 l - a staff of conjuration
Jewellery
 j - a ring of protection from cold (right hand)
 x - a +6 ring of intelligence (left hand)
 J - a +6 ring of dexterity
 P - a ring of ice
 Q - an amulet of the acrobat
Talismans
 o - a blade talisman
Wands
 u - a wand of paralysis (24)
 I - a wand of flame (29)
Scrolls
 c - 3 scrolls of blinking {unknown}
 f - a scroll of enchant armour {unknown}
 g - 4 scrolls of teleportation
 h - a scroll of silence {unknown}
 i - 2 scrolls of immolation {unknown}
 s - 2 scrolls of vulnerability {unknown}
 y - 2 scrolls of noise {unknown}
 z - 2 scrolls of fog {unknown}
 A - 2 scrolls of fear
 B - a scroll of amnesia
 G - a scroll of brand weapon {unknown}
 L - a scroll of revelation {unknown}
 O - a scroll of identify
Potions
 b - a potion of magic
 e - a potion of haste
 m - 3 potions of enlightenment
 p - 4 potions of attraction
 q - a potion of cancellation
 r - a potion of lignification
 t - 3 potions of curing
 w - a potion of resistance
 C - 2 potions of mutation
 E - 3 potions of degeneration {unknown}
 M - a potion of heal wounds
 N - a potion of brilliance {unknown}


   Skills:
 - Level 10.0 Fighting
 + Level 0.0 Short Blades
 - Level 10.0 Dodging
 - Level 2.1 Stealth
 - Level 10.0 Spellcasting
 + Level 8.9 Conjurations
 - Level 4.0 Fire Magic
 - Level 10.0 Alchemy


You had 14 spell levels left.
You knew the following spells:

 Your Spells              Type           Power      Damage    Failure   Level
a - Sting                 Conj/Alch      100%       1d9       1%          1
b - Mercury Vapours       Alch/Air       74%        N/A       1%          2
c - Mephitic Cloud        Conj/Alch/Air  44%        N/A       1%          3
d - Sticky Flame          Fire/Alch      47%        2d9       1%          4
e - Olgreb's Toxic Radia  Alch           58%        N/A       1%          4
f - Hailstorm             Conj/Ice       34%        3d8       1%          3

Your spell library contained the following spells:

 Spells                   Type           Power      Damage    Failure   Level
 Airstrike                Air            6%         2d(1-17)  13%         4
 Necrotise                Necr           48%        1d6       4%          1
 Summon Small Mammal      Summ           48%        N/A       4%          1
 Arcjolt                  Conj/Air       17%        1d27      6%          5
 Call Canine Familiar     Summ           12%        N/A       14%         3
 Gell's Gravitas          Tloc           12%        N/A       14%         3
 Teleport Other           Tloc           12%        N/A       14%         3
 Vampiric Draining        Necr           12%        2d6       14%         3
 Summon Blazeheart Golem  Fire/Summ      22%        N/A       22%         4
 Martyr's Knell           Necr/Summ      12%        N/A       43%         4
 Vhi's Electric Charge    Tloc/Air       24%        N/A       43%         4
 Plasma Beam              Fire/Air       11%        2x1d22    58%         6
 Curse of Agony           Necr           12%        N/A       80%         5
 Dispersal                Tloc           6%         N/A       100%        6


Dungeon Overview and Level Annotations

Branches:
Dungeon (9/15)             Temple (1/1) D:7            Lair (3/5) D:8
  Snake (0/4) Lair:2
  Swamp: Lair:2-3    Shoals: Lair:2-3       Orc: D:9-12

Altars:
Ashenzari
Cheibriados
Dithmenos
Elyvilon
Fedhas
Gozag
Hepliaklqana
Kikubaaqudgha
Makhleb
Nemelex Xobeh
Okawaru
Qazlal
Ru
Sif Muna
Trog
Vehumet
Wu Jian
Xom
Yredelemnul
Zin
The Shining One

Annotations:
D:7 1 runed translucent door


Innate Abilities, Weirdness & Mutations

((You are very nimble when in or above water. (Stealth+, EV+, Speed+++)))
Your lower body shifts to a powerful aquatic tail in water.


Message History

You are poisoned.
The black mamba poisons you! The black mamba closely misses you.
You hit the black mamba.
The black mamba is lightly wounded.
You feel very sick. The black mamba bites you!
You are more poisoned.
The black mamba poisons you! The black mamba bites you!
Casting: Olgreb's Toxic Radiance (safe; 1% risk of failure)
Press: ? - help, Q - select action, (/) - cycle Dir - look around, f - activate You begin to radiate toxic energy.
The torpor snail is poisoned.
You feel extremely sick. The black mamba bites you!
You are lethally poisoned!
The black mamba poisons you! The black mamba bites you.
* * * LOW HITPOINT WARNING * * *
The black mamba bites you but does no damage.
Casting: Olgreb's Toxic Radiance (safe; 1% risk of failure)
Confirm with . or Enter, or press ? or * to list all spells.
Aiming: Sticky Flame (mildly dangerous; 1% risk of failure)
Press: ? - help, Shift-Dir - straight line, f - torpor snail
Aim: a torpor snail (lightly wounded, poisoned)
Okay, then.
You feel much better.
You feel extremely sick. The black mamba bites you. x2
You are lethally poisoned!
The black mamba poisons you! The torpor snail bites you!!
* * * LOW HITPOINT WARNING * * *
The black mamba bites you.
* * * LOW HITPOINT WARNING * * *
Casting: Sticky Flame (mildly dangerous; 1% risk of failure)
Confirm with . or Enter, or press ? or * to list all spells.
Aiming: Sticky Flame (mildly dangerous; 1% risk of failure)
Press: ? - help, Shift-Dir - straight line, f - black mamba
Aim: a black mamba (lightly wounded)
The sticky flame hits the black mamba!
The black mamba is moderately wounded.
Your toxic aura wanes.
You die...

..............PP .
.......................
.
......................
. .....................
........<...........
.###...#...........
..##..###......##.#
..###.##.......#w.#.#
..#P...........+@..#
.###....#.......#S.# .#
#...........P####
.######.#......## ..#
###........ ..#.
........... ....
............. ....
............. ....
...........


You could see a torpor snail (poisoned) and a black mamba (burning).

Vanquished Creatures
  A hydra (Lair:2)
  A skyshark (Lair:3)
  A lindwurm (Lair:1)
  Pikel (D:6)
  A faun (Lair:2)
  Maurice (D:8)
  A black mamba (Lair:3)
  4 rime drakes
  5 cane toads
  An unseen horror (D:8)
  Jeremiah (D:6)
  7 komodo dragons
  A polar bear (Lair:3)
  9 blink frogs (Lair:1)
  4 dream sheep (Lair:3)
  A spectral black mamba (Lair:2)
  Sigmund (D:2)
  3 wyverns
  Grum (D:8)
  2 basilisks
  13 yaks
  4 nagas (Lair:2)
  An acid dragon (D:8)
  12 water moccasins
  A sky beast (D:7)
  3 black bears (D:8)
  2 orc warriors (D:8)
  2 ice beasts (D:5)
  An ogre (D:7)
  A centaur (D:8)
  22 wolves
  3 lemures (D:5)
  A phantom (D:4)
  8 bullfrogs
  2 scorpions
  2 bombardier beetles
  3 jellies
  2 gnoll boudas
  2 hounds
  2 orc priests
  Crazy Yiuf (D:6)
  Ijyb (D:5)
  A sleepcap (D:5)
  4 orc wizards
  2 iguanas
  17 adders
  14 gnolls
  A shadow imp (D:8)
  2 white imps (D:6)
  2 ufetubi (D:5)
  3 ribbon worms
  2 dart slugs
  18 orcs
  11 ball pythons
  6 endoplasms
  2 giant cockroaches
  13 goblins
  10 hobgoblins
  7 jackals
  9 kobolds
  4 quokkas
  7 bats
  4 frilled lizards
  A goblin skeleton (D:7)
  5 rats
281 creatures vanquished.

Notes
Turn   | Place    | Note
-------+----------+-------------------------------------------
     0 | D:1      | sasquatch the Merfolk Alchemist began the quest for the
                  | Orb.
     0 | D:1      | Reached XP level 1. HP: 13/13 MP: 3/3
    28 | D:1      | Reached skill level 1 in Conjurations
   103 | D:1      | Reached XP level 2. HP: 19/19 MP: 5/5
   459 | D:1      | Learned a level 2 spell: Mercury Vapours
   965 | D:1      | Reached XP level 3. HP: 21/24 MP: 0/6
  1524 | D:1      | Learned a level 3 spell: Mephitic Cloud
  1837 | D:2      | Reached XP level 4. HP: 30/30 MP: 1/8
  1850 | D:2      | Reached skill level 5 in Alchemy
  1855 | D:2      | HP: 1/30 [ribbon worm (8)]
  2275 | D:2      | Reached XP level 5. HP: 27/35 MP: 0/9
  2375 | D:2      | Noticed Sigmund
  3050 | D:3      | Reached XP level 6. HP: 16/41 MP: 6/11
  3064 | D:2      | Killed Sigmund
  3251 | D:3      | Reached XP level 7. HP: 40/46 MP: 6/13
  4398 | D:4      | Learned a level 4 spell: Sticky Flame
  4403 | D:4      | Learned a level 4 spell: Olgreb's Toxic Radiance
  4740 | D:5      | Entered Level 5 of the Dungeon
  4746 | D:5      | You fall into a shaft and drop 1 floor!
  4815 | D:6      | Found a sparkling altar of Nemelex Xobeh.
  4833 | D:6      | Found a runed translucent door.
  4834 | D:6      | Noticed Crazy Yiuf
  4858 | D:6      | Noticed Jeremiah
  4873 | D:6      | Killed Jeremiah
  4874 | D:6      | Reached skill level 1 in Fire Magic
  4874 | D:6      | Reached skill level 10 in Alchemy
  4874 | D:6      | Reached XP level 8. HP: 52/52 MP: 3/14
  5700 | D:5      | Reached skill level 5 in Spellcasting
  5936 | D:5      | Found a bloodstained altar of Trog.
  6511 | D:5      | Noticed Ijyb
  6518 | D:5      | Paralysed by Ijyb for 3 turns
  6521 | D:5      | Killed Ijyb
  6720 | D:6      | Noticed Pikel
  6911 | D:6      | Killed Pikel
  6912 | D:6      | Reached XP level 9. HP: 18/57 MP: 2/21
  7131 | D:6      | Found a stormy altar of Qazlal.
  7716 | D:6      | Killed Crazy Yiuf
  7813 | D:7      | Found a staircase to the Ecumenical Temple.
  7823 | Temple   | Entered the Ecumenical Temple
  7853 | Temple   | Became a worshipper of Vehumet
  8384 | D:7      | Found an opulent altar of Gozag.
  8385 | D:7      | Found an ornate altar of the Wu Jian Council.
  8385 | D:7      | Found a shadowy altar of Dithmenos.
  8517 | D:7      | Found a white marble altar of Elyvilon.
  8635 | D:7      | Found a runed translucent door.
  8639 | D:7      | Found a basalt altar of Yredelemnul.
  8980 | D:8      | Reached * piety under Vehumet
  8980 | D:8      | Offered knowledge of Sandblast by Vehumet.
  9179 | D:8      | Reached skill level 1 in Fighting
  9296 | D:8      | Killed an unseen horror
  9394 | D:8      | Reached XP level 10. HP: 72/72 MP: 9/22
  9484 | D:8      | Reached skill level 5 in Fighting
  9783 | D:8      | Found a staircase to the Lair.
  9848 | D:8      | Identified the +4 mace "Qomp" {flame, Dex+3}
 10096 | D:8      | Noticed Maurice
 10099 | D:8      | Paralysed by Maurice for 4 turns
 10107 | D:8      | Killed Maurice
 10294 | D:8      | Noticed Grum
 10300 | D:8      | Killed Grum
 10541 | D:8      | Offered knowledge of Magic Dart by Vehumet.
 10541 | D:8      | Reached ** piety under Vehumet
 11032 | Lair:1   | Entered Level 1 of the Lair of Beasts
 11042 | Lair:1   | Reached skill level 10 in Fighting
 11290 | Lair:1   | Noticed a cane toad
 11294 | Lair:1   | Reached skill level 5 in Dodging
 11295 | Lair:1   | Reached XP level 11. HP: 75/90 MP: 9/23
 11516 | Lair:1   | Offered knowledge of Hailstorm by Vehumet.
 11603 | Lair:1   | Reached *** piety under Vehumet
 11604 | Lair:1   | Reached skill level 10 in Dodging
 11799 | Lair:1   | Learned a level 3 spell: Hailstorm
 12186 | Lair:1   | Found a hazy altar of Hepliaklqana.
 12449 | Lair:1   | Noticed a lindwurm
 12454 | Lair:1   | Killed a lindwurm
 12704 | Lair:2   | Reached skill level 5 in Conjurations
 12758 | Lair:2   | Offered knowledge of Inner Flame by Vehumet.
 12798 | Lair:2   | Noticed a death yak
 12803 | Lair:2   | Noticed a faun
 12809 | Lair:2   | Noticed a death yak
 12809 | Lair:2   | Noticed a death yak
 13274 | Lair:2   | Reached XP level 12. HP: 55/97 MP: 4/25
 13680 | Lair:2   | Noticed a six-headed hydra
 13697 | Lair:2   | Killed a six-headed hydra
 13944 | Lair:2   | Found a staircase to the Snake Pit.
 14439 | Lair:2   | Reached skill level 10 in Spellcasting
 14549 | Lair:2   | You fall into a shaft and drop 1 floor!
 14691 | Lair:3   | Noticed a skyshark
 14700 | Lair:3   | Killed a skyshark
 15166 | Lair:3   | Upgraded the game from 0.31.0 to 0.31.0-2-g5a2aebc5c2
 15296 | Lair:3   | Reached **** piety under Vehumet
 15330 | Lair:3   | Offered knowledge of Airstrike by Vehumet.
 15518 | Lair:3   | Succumbed to a black mamba's poison

Illustrated notes

Levels and vault maps discovered:
D:1:      roderic_chinese_lattice_arrival, layout_loops_ring,
          serial_co_window_serial, co_window_of_opportunity_a,
          co_window_paths_a, co_window_corner_a, co_window_corner_a,
          co_window_paths_a, co_window_corner_a, co_window_paths_b,
          co_window_paths_c, co_window_corner_cb, co_window_broadway_a,
          co_window_broadway_c, co_window_2corner, co_window_corner_cb,
          co_window_of_opportunity_b, co_window_4corner_a, glass_columns_c,
          glass_columns_a, glass_columns_a, glass_columns_c, glass_columns_a,
          minmay_pentomino_q2
D:2:      layout_basic, minmay_pentomino_pile, uniq_sigmund
D:3:      layout_rooms, minmay_shallow_snake_nest
D:4:      layout_loops_corners
D:5:      layout_gridville, kennysheep_mini_moat, uniq_ijyb
D:6:      layout_loops_ring, mainiacjoe_overflow_small_starburst,
          nemelex_xobeh_ov_fountains_minmay, small_statue_intersection,
          kennysheep_nub, uniq_crazy_yiuf_cottage, uniq_pikel, uniq_jeremiah
D:7:      layout_cave_pools, dk_yredelemnul_ordeal,
          chequers_temple_overflow_statue_of_worship, minmay_temple_entry_glass
D:8:      layout_layer_cave, due_lair_maze_entry_diamond, enter_bailey_4,
          uniq_maurice, uniq_grum
D:9:      layout_basic, david_orc_5, serial_undead, serial_undead_a,
          serial_undead_b, serial_undead_a, serial_undead_a, serial_undead_c,
          serial_undead_f, uniq_gastronok
Temple:   oiseaux_autumnal_temple
Lair:1:   layout_hall_layers, basic_altar, nicolae_lair_lindhole,
          serial_bayou_shore_b, grunt_megastairs_5, lemuel_fruit_tree,
          infiniplex_staircase_pool_2
Lair:2:   layout_hall_layers, nicolae_swamp_entry_spooky,
          minmay_snake_entry_guardpost_large, grunt_forest_large_clearings
Lair:3:   layout_regular_city, chequers_serial_rivers_small_b

Skill      XL: |  1  2  3  4  5  6  7  8  9 10 11 12 |
---------------+-------------------------------------+-----
Conjurations   | 1 2 4 5 8 |  8.9
Alchemy        | 5 6 8 10 | 10.0
Spellcasting   | 3 4 8 9 10 | 10.0
Fire Magic     | 1 2 4 |  4.0
Fighting       | 4 10 | 10.0
Dodging        | 5 10 | 10.0
Stealth        | |  2.1

Action                     |  1- 3 |  4- 6 |  7- 9 | 10-12 || total
---------------------------+-------+-------+-------+-------++-------
  Melee: Short sword       |    32 |    21 |     4 |       ||    57
         Unarmed           |     5 |       |       |       ||     5
         Staff             |       |     2 |       |       ||     2
         Whip              |       |       |    64 |       ||    64
         Dagger            |       |       |    10 |    30 ||    40
         Mace              |       |       |       |    21 ||    21
         Tailslap          |       |       |       |     2 ||     2
   Cast: Sting             |    62 |    87 |    59 |     5 ||   213
         Mercury Vapours   |     1 |       |       |       ||     1
         Mephitic Cloud    |       |     2 |       |       ||     2
         Olgreb's Toxic Ra |       |       |    61 |   122 ||   183
         Sticky Flame      |       |       |    28 |    79 ||   107
         Hailstorm         |       |       |       |     7 ||     7
  Evoke: Wand              |       |       |       |     1 ||     1
    Use: Potion            |       |     2 |     1 |     3 ||     6
         Scroll            |       |     2 |     9 |     1 ||    12
   Stab: Sleeping          |     3 |       |       |       ||     3
 Armour: Robe              |    34 |    43 |   103 |   131 ||   311
  Dodge: Dodged            |    39 |    46 |    83 |   155 ||   323
